 Dungeon Crawl Stone Soup version 0.19-a0-1128-gc4a0c12 (webtiles) character file.

43 Jmtri7 the Ducker (level 3, -3/27 HPs)
             Began as a Demonspawn Gladiator on Aug 12, 2016.
             Slain by an adder (4 damage)
             ... on level 2 of the Dungeon.
             The game lasted 00:01:55 (1069 turns).

Jmtri7 the Ducker (Demonspawn Gladiator)            Turns: 1069, Time: 00:01:55

Health: -3/27      AC:  0    Str: 15    XL:     3   Next: 37%
Magic:  3/3        EV: 14    Int:  9    God:
Gold:   24         SH:  0    Dex: 14    Spells: 0 memorised, 2 levels left

rFire  . . .     SeeInvis +     a - +0 long sword
rCold  . . .     Gourm    .     (no armour)
rNeg   . . .     Faith    .     (no shield)
rPois  .         Spirit   .     (helmet restricted)
rElec  .         Dismiss  .     (no cloak)
rCorr  .         Reflect  .     (no gloves)
SustAt .         Harm     .     (no boots)
MR     .....                    (no amulet)
Stlth  +.........               n - ring of see invisible
                                (no ring)

@: lethally poisoned (-3 -> -9)
A: antennae 1, hooves 1
a: no special abilities


You were on level 2 of the Dungeon.
You were not hungry.

You visited 1 branch of the dungeon, and saw 2 of its levels.

You collected 24 gold pieces.

Inventory:

Hand Weapons
 a - a +0 long sword (weapon)
Missiles
 d - 3 throwing nets (quivered)
Jewellery
 n - a ring of see invisible (right hand)
Scrolls
 b - a scroll of noise {unknown}
 g - a scroll of teleportation {unknown}
 i - 2 scrolls of identify {unknown}
 m - a scroll of fog {unknown}
Potions
 j - a potion of agility {unknown}
 k - a potion of brilliance {unknown}
 l - a potion of flight {unknown}
Comestibles
 f - a bread ration
 h - a chunk of flesh


   Skills:
 - Level 2.0 Fighting
 - Level 2.6 Long Blades
 - Level 1.7 Throwing
 + Level 4.0 Dodging


You had 2 spell levels left.
You didn't know any spells.

Dungeon Overview and Level Annotations

Branches:
Dungeon (2/15)

Altars:


Innate Abilities, Weirdness & Mutations

You have a pair of small antennae on your head.
You have large cloven feet.


Message History

You barely miss the adder. You kick the adder, but do no damage.
You feel sick. The adder barely misses you. The adder bites you.
You closely miss the adder. You kick the adder, but do no damage.
The adder closely misses you.
You barely miss the adder.
You feel sick. The adder bites you.
You are more poisoned.
The adder poisons you! The adder bites you.
You barely miss the adder. Your kick misses the adder.
You feel sick. The adder bites you.
* * * LOW HITPOINT WARNING * * *
You closely miss the adder.
* * * LOW HITPOINT WARNING * * *
You feel sick. The adder bites you.
* * * LOW HITPOINT WARNING * * *
The adder barely misses you.
You hit the adder. Your kick misses the adder.
The adder is heavily wounded.
* * * LOW HITPOINT WARNING * * *
You feel sick. The adder bites you.
You die...

### ... #. #.# #.# #.# #
#.# #.# .### #.# #@#
...### #.# ####S####......
##.###..ggS{.....## #.
#........rKr#.....## #.#
#...<.....#....?....
###<###..##########....[##
..........# #...##
###.####..# ...... #.#
#..###### .!...


You could see 2 adders, a quokka, a hobgoblin, a goblin, a kobold and a rat.

Vanquished Creatures
  An adder (D:2)
  An ooze (D:1)
  A dart slug (D:1)
  A ball python (D:1)
  2 giant cockroaches (D:1)
  5 goblins (D:1)
  2 hobgoblins (D:1)
  2 jackals (D:1)
  4 bats
  6 giant newts (D:1)
  2 rats
27 creatures vanquished.

Notes
Turn   | Place    | Note
-------+----------+-------------------------------------------
     0 | D:1      | Jmtri7 the Demonspawn Gladiator began the quest for the Orb.
     0 | D:1      | Reached XP level 1. HP: 16/16 MP: 1/1
    66 | D:1      | Reached skill level 3 in Dodging
   176 | D:1      | Gained mutation: You have large cloven feet. [demonic ancestry]
   176 | D:1      | Reached XP level 2. HP: 22/22 MP: 2/2
   850 | D:1      | Gained mutation: You have a pair of small antennae on your head. [demonic ancestry]
   850 | D:1      | Reached XP level 3. HP: 17/27 MP: 3/3
  1062 | D:2      | Reached skill level 4 in Dodging
  1069 | D:2      | HP: 1/27 [poisoned by an adder]
  1069 | D:2      | Slain by an adder

Vault maps used:
D:1:      dpeg_arrival_solitude, minmay_misc_feat_five, serial_park_tiny_1,
          hangedman_decor_points
D:2:      minmay_misc_feat_iff, minmay_door_square, minmay_misc_feat_rows,
          minmay_guardbox, uniq_crazy_yiuf_cottage

Skill      XL: |  1  2  3 |
---------------+----------+-----
Dodging        | 3 4 |  4.0
Fighting       | |  2.0
Long Blades    | |  2.6
Throwing       | |  1.7

Action                   || total
-------------------------++-------
Melee: Long sword        ||    96
       Kick              ||    10
  Eat: Chunk             ||     1
Armor: Leather armour    ||     8
       Skin              ||     3
Dodge: Dodged            ||    57
